 Dungeon Crawl Stone Soup version 0.19.5 (webtiles) character file.

164 HeyBub the Covered (level 5, 0/46 HPs)
             Began as a Minotaur Fighter on May 18, 2017.
             Slain by an orc warrior
             ... wielding a +0 battleaxe
              (1 damage)
             ... on level 3 of the Dungeon.
             The game lasted 00:02:07 (2065 turns).

HeyBub the Covered (Minotaur Fighter)               Turns: 2065, Time: 00:02:07

Health: 0/46       AC:  7    Str: 27    XL:     5   Next: 21%
Magic:  4/4        EV:  8    Int:  5    God:
Gold:   126        SH: 10    Dex:  9    Spells: 0 memorised, 4 levels left

rFire  . . .     SeeInvis .     a - +0 long sword
rCold  . . .     Gourm    .     b - +0 scale mail
rNeg   . . .     Faith    .     c - +0 shield
rPois  .         Spirit   .     (helmet restricted)
rElec  .         Reflect  .     (no cloak)
rCorr  .         Harm     .     (no gloves)
MR     .....                    (no boots)
Stlth  ..........               (no amulet)
                                (no ring)
                                (no ring)

@: mighty
A: retaliatory headbutt, horns 2
a: no special abilities


You were on level 3 of the Dungeon.
You were not hungry.

You visited 1 branch of the dungeon, and saw 4 of its levels.

You collected 126 gold pieces.

Inventory:

Hand Weapons
 a - a +0 long sword (weapon)
Armour
 b - a +0 scale mail (worn)
 c - a +0 shield (worn)
Jewellery
 e - an uncursed amulet of guardian spirit {unknown}
 m - an uncursed ring of flight {unknown}
 q - a +4 ring of evasion {unknown}
 u - a +2 ring of protection {unknown}
Scrolls
 j - 2 scrolls of remove curse {unknown}
 l - 2 scrolls of teleportation {unknown}
 n - 3 scrolls of immolation {unknown}
 p - 2 scrolls of enchant weapon {unknown}
 y - a scroll of noise {unknown}
 z - a scroll of random uselessness {unknown}
 A - a scroll of fear {unknown}
Potions
 h - 2 potions of resistance {unknown}
 i - a potion of cure mutation {unknown}
 k - a potion of degeneration {unknown}
 o - a potion of agility {unknown}
 r - 2 potions of berserk rage {unknown}
 t - a potion of curing {unknown}
 w - a potion of heal wounds {unknown}
Books
 s - a book of Maledictions

   Spells                             Type                      Level
   a - Corona                         Hexes                        1
   b - Ensorcelled Hibernation        Hexes/Ice                    2
   c - Confuse                        Hexes                        3
   d - Tukima's Dance                 Hexes                        3
   e - Dazzling Spray                 Conjuration/Hexes            3
Comestibles
 f - 4 bread rations
 g - 2 slices of pizza
 v - a meat ration
 x - a royal jelly


   Skills:
 + Level 4.2 Fighting
 + Level 4.3 Long Blades
 + Level 4.5 Armour
 * Level 2.0 Dodging
 + Level 4.3 Shields


You had 4 spell levels left.
You didn't know any spells.

Dungeon Overview and Level Annotations

Branches:
Dungeon (4/15)
 Temple: D:4-7

Altars:
Cheibriados
Nemelex Xobeh


Innate Abilities, Weirdness & Mutations

You reflexively headbutt those who attack you in melee.
You have a pair of horns on your head.


Message History

There is a stone staircase leading down here.
Unknown command.
You are too injured to fight recklessly!
You are too injured to fight recklessly!
You hit the orc warrior but do no damage.
You headbutt the orc warrior, but do no damage.
The orc warrior is heavily wounded.
The orc wizard miscasts a cantrip.
The orc warrior hits you with a battleaxe.
* * * LOW HITPOINT WARNING * * *
Your shield and scale mail prevent you from hitting the orc warrior.
You headbutt the orc warrior, but do no damage.
The orc warrior is heavily wounded.
You block the orc wizard's attack.
The orc warrior hits you with a battleaxe!
* * * LOW HITPOINT WARNING * * *
You feel very mighty all of a sudden.
The orc wizard looks braver for a moment.
The orc warrior hits you with a battleaxe.
You die...

....#.#######.........#####...###
....#...>..............##...#####
###.......................###....
# ########.#..........)..........
# ##.##.........#######.)..
####### #..#....<....## ####....
.....)###.##.####..### ###.......
.####..##.##.####..## ##<..##....
.# ##.....#....@...# #..####....
.# ##..........oo...###.## #....
.###....................# #####
.....................####
)#....................#
###................##.# #####
##...........>......####...##
##..............#...##.....##
####......#.......###.#......[#


You could see an orc warrior and an orc wizard.

Vanquished Creatures
  Ijyb (D:2)
  An orc wizard (D:3)
  4 adders
  An ooze (D:3)
  2 worms
  A leopard gecko (D:2)
  3 orcs (D:3)
  A ball python (D:1)
  A giant cockroach (D:1)
  9 goblins
  4 hobgoblins
  4 jackals (D:2)
  7 kobolds
  6 bats
  13 frilled lizards
  8 rats
66 creatures vanquished.

Notes
Turn   | Place    | Note
-------+----------+-------------------------------------------
     0 | D:1      | HeyBub the Minotaur Fighter began the quest for the Orb.
     0 | D:1      | Reached XP level 1. HP: 19/19 MP: 0/0
    93 | D:1      | Reached XP level 2. HP: 25/27 MP: 1/1
   959 | D:2      | Reached skill level 1 in Dodging
   962 | D:2      | Reached XP level 3. HP: 25/33 MP: 2/2
  1031 | D:2      | Found a sparkling altar of Nemelex Xobeh.
  1250 | D:2      | Reached XP level 4. HP: 31/40 MP: 3/3
  1276 | D:2      | Noticed Ijyb
  1287 | D:2      | Killed Ijyb
  1638 | D:3      | Found a snail-covered altar of Cheibriados.
  1829 | D:3      | Reached XP level 5. HP: 38/46 MP: 4/4
  2037 | D:4      | Noticed an orc warrior
  2064 | D:3      | HP: 1/46 [orc warrior/battleaxe (7)]
  2065 | D:3      | Slain by an orc warrior

Skill      XL: |  1  2  3  4 |
---------------+-------------+-----
Armour         | 4 |  4.5
Shields        | 4 |  4.3
Dodging        | 1 2 |  2.0
Fighting       | 4 |  4.2
Long Blades    | 3 4 |  4.3

Action                   |  1- 3 |  4- 6 || total
-------------------------+-------+-------++-------
Melee: Long sword        |    90 |    72 ||   162
       Headbutt          |    16 |    17 ||    33
  Use: Potion            |       |     1 ||     1
  Eat: Meat ration       |       |     1 ||     1
Armor: Scale mail        |    47 |    41 ||    88
Dodge: Dodged            |    32 |    28 ||    60
Block: Shield            |    45 |    48 ||    93
       Rpst.: Long sword |    13 |     6 ||    19
